AoeStats
← thankyouwalkoss

Arabia

503724967Analyzed
1v1 RM · 1mo ago on Sep 2, 2026· 78m 47s· 2 players
Game mode
Random Map
Map size
Tiny (2 player)
Population
200
Speed
Normal
Resources
Standard
Victory
Conquest
Starting age
Dark Age
Ending age
Imperial Age
RankedLock teamsTeams togetherTeam positionsShared explorationLock speedFull tech treeHidden civsTurbo modeCheats
Victory
Defeat
🇨🇱 Sicilians · Chile
1128
+14
🇰🇬 Spanish · Kyrgyzstan
1093
-14
thankyouwalkoss
5:04 Loom
9:30 Feudal Age
10:24 Double-Bit Axe
12:12 Horse Collar
17:32 Gold Mining
17:33 Stone Mining
20:26 Wheelbarrow
21:10 Town Watch
23:55 Castle Age
24:12 Forging
24:18 Padded Archer Armor
25:04 Bow Saw
26:21 Fletching
26:49 Bloodlines
26:39 Husbandry
32:36 Heavy Plow
34:32 Leather Archer Armor
40:45 Imperial Age
41:41 Scale Barding Armor
42:11 Iron Casting
41:41 Scale Barding Armor
42:11 Iron Casting
41:32 Bodkin Arrow
41:08 Cavalier
42:13 Elite Conquistador
43:33 Stone Shaft Mining
43:34 Chain Barding Armor
48:17 Blast Furnace
47:54 Plate Barding Armor
48:41 Chemistry
48:01 Ballistics
49:45 Hoardings
50:44 Murder Holes
51:22 Conscription
51:31 Herbal Medicine
51:55 Masonry
52:26 Hoardings
53:31 Bracer
54:03 Ring Archer Armor
54:46 Paladin
56:04 Architecture
57:02 Supremacy
71:19 Squires
72:48 Two-Man Saw
71:19 Pikeman
71:33 Man-at-Arms
72:48 Scale Mail Armor
72:16 Long Swordsman
72:54 Two-Handed Swordsman
75:31 Chain Mail Armor
75:30 Champion
[FDLS]Lilworm
7:05 Loom
9:32 Feudal Age
10:19 Double-Bit Axe
21:14 Castle Age
20:11 Horse Collar
20:27 Gold Mining
22:08 Bow Saw
23:33 Forging
26:21 Sanctity
29:03 Wheelbarrow
30:35 Hand Cart
30:33 Heavy Plow
30:29 Town Watch
31:02 Padded Archer Armor
30:54 Fletching
31:08 Padded Archer Armor
33:26 Husbandry
36:05 Imperial Age
34:06 Ballistics
33:50 Bodkin Arrow
34:11 Leather Archer Armor
33:56 Scale Mail Armor
33:59 Elite Skirmisher
38:02 Crop Rotation
37:43 Bracer
38:38 Bloodlines
37:48 Light Cavalry
37:59 Capped Ram
40:08 Chemistry
40:01 Iron Casting
39:35 Scale Barding Armor
39:05 Siege Ram
43:04 Chain Barding Armor
44:32 Plate Barding Armor
46:05 Blast Furnace
44:29 Pikeman
45:09 Squires
45:14 Halberdier
47:09 Conscription
46:56 Scale Mail Armor
49:25 Arson
50:45 Cavalier
53:15 Chain Mail Armor
53:08 Elite Serjeant
54:52 First Crusade
64:13 Plate Mail Armor
72:44 Man-at-Arms
73:09 Gambesons
74:27 Long Swordsman
74:59 Two-Handed Swordsman
75:42 Champion
Connection lost

Rejoining the realm…

Still unreachable

The connection could not be restored.

Session expired

The server has moved on; the page needs a fresh start.